 Dungeon Crawl Stone Soup version 0.21-a0-529-g8c7b3f5 (webtiles) character file.

26776 tsouns the Fighter (level 13, 0/106 HPs)
             Began as a Demonspawn Assassin on Dec 8, 2017.
             Was a High Priest of Dithmenos.
             Slain by a death yak (24 damage)
             ... on level 4 of the Lair of Beasts on Dec 9, 2017.
             The game lasted 01:05:54 (18064 turns).

tsouns the Fighter (Demonspawn Assassin)           Turns: 18064, Time: 01:05:54

Health: 0/106      AC: 19    Str: 14    XL:     13   Next: 0%
Magic:  20/20      EV: 17    Int: 15    God:    Dithmenos [*****.]
Gold:   956        SH:  0    Dex: 17    Spells: 15/22 levels left

rFire    + . .     SeeInvis .   j - +7 rapier of Egomania {venom, Dex+2 Stlth+}
rCold    . . .     Gourm    .   (no shield)
rNeg     . . .     Faith    .   n - +2 leather armour {rF+}
rPois    +         Spirit   .   (helmet restricted)
rElec    .         Reflect  .   a - +1 cloak {rPois}
rCorr    .         Harm     .   (no gloves)
MR       .....                  x - +2 pair of boots
Stlth    ++++++++++             (no amulet)
HPRegen  0.27/turn              w - +6 ring of protection
MPRegen  0.17/turn              K - ring of stealth

@: wreathed by umbra
A: horns 2, slimy green scales 2, powered by pain 2
a: Shadow Step, Shadow Form, Renounce Religion


You were on level 4 of the Lair of Beasts.
You worshipped Dithmenos.
Dithmenos was extremely pleased with you.
You were not hungry.

You visited 2 branches of the dungeon, and saw 15 of its levels.
You also visited: Labyrinth.

You collected 956 gold pieces.

Inventory:

Hand Weapons
 b - a +0 blowgun
 j - the +7 rapier of Egomania (weapon) {venom, Dex+2 Stlth+}
   (You took it off a minotaur in a labyrinth)

   It poisons the flesh of those it strikes.
   It affects your dexterity (+2).
   It makes you more stealthy.
 m - a +3 dagger of venom
 D - a +0 demon blade
Missiles
 d - 6 javelins
 e - 34 poisoned needles
 r - a curare-tipped needle
 B - 2 throwing nets (quivered)
Armour
 a - a +1 cloak of poison resistance (worn)
 f - a scarf of resistance
 n - a +2 leather armour of fire resistance (worn)
 x - a +2 pair of boots (worn)
 J - a +0 buckler
Jewellery
 w - a +6 ring of protection (left hand)
 K - a ring of stealth (right hand)
Wands
 o - a wand of iceblast (27)
 p - a wand of disintegration (5)
 q - a wand of enslavement (12)
 u - a wand of polymorph (12)
Scrolls
 h - 2 scrolls of enchant weapon
 s - 3 scrolls of magic mapping
 F - 2 scrolls of amnesia
 G - a scroll of identify
 L - a scroll of blinking
Potions
 i - 4 potions of magic
 k - 2 potions of heal wounds
 l - 2 potions of brilliance
 t - a potion of mutation
 z - 2 potions of resistance
 C - a potion of flight
Books
 c - a book of Air

   Spells                             Type                      Level
   a - Shock                          Conjuration/Air              1
   b - Swiftness                      Charms/Air                   2
   c - Static Discharge               Conjuration/Air              3
   d - Airstrike                      Air                          4
   e - Lightning Bolt                 Conjuration/Air              5
 v - a book of Necromancy

   Spells                             Type                      Level
   a - Pain                           Necromancy                   1
   b - Animate Skeleton               Necromancy                   1
   c - Vampiric Draining              Necromancy                   3
   d - Regeneration                   Charms/Necromancy            3
   e - Animate Dead                   Necromancy                   4
   f - Control Undead                 Necromancy                   4
 y - a book of Cantrips

   Spells                             Type                      Level
   a - Confusing Touch                Hexes                        1
   b - Animate Skeleton               Necromancy                   1
   c - Summon Small Mammal            Summoning                    1
   d - Apportation                    Translocation                1
Miscellaneous
 E - a sack of spiders
Comestibles
 g - 6 bread rations
 A - 3 meat rations


   Skills:
 + Level 11.0 Fighting
 + Level 8.6(9.5) Short Blades
 - Level 6.3(8.4) Long Blades
 - Level 1.7 Throwing
 + Level 7.9 Dodging
 - Level 10.0 Stealth
 + Level 5.2 Spellcasting
 + Level 9.2 Invocations
 + Level 1.4 Evocations


You had 15 spell levels left.
You knew the following spells:

 Your Spells              Type           Power        Failure   Level  Hunger
a - Animate Skeleton      Necr           N/A          21%         1    None
b - Apportation           Tloc           #.....       21%         1    None
c - Regeneration          Chrm/Necr      #.........   52%         3    ###....
d - Swiftness             Chrm/Air       #.......     30%         2    ##.....


Dungeon Overview and Level Annotations

Branches:
Dungeon (11/15)            Temple (0/1) D:7            Lair (4/6) D:9
  Swamp (0/4) Lair:3        Snake (0/4) Lair:3          Orc (0/2) D:11

Altars:
Dithmenos
Qazlal

Shops:
D:5 (

Annotations:
D:5 polythemia's ghost, novice MiBe


Innate Abilities, Weirdness & Mutations

You have a pair of horns on your head.
You are mostly covered in slimy green scales. (AC +3)
You sometimes gain power by taking damage.


Message History

Your shadow hits the death yak but does no damage.
You puncture the death yak!
You kill the death yak!
Dithmenos accepts your kill.
You have reached level 13!
You puncture the death yak!
The death yak is poisoned.
The death yak is lightly wounded.
Your shadow hits the death yak with a rapier.
The death yak gores you!
* * * LOW HITPOINT WARNING * * *
You hit the death yak.
The death yak is moderately wounded.
The death yak gores you but does no damage.
You puncture the death yak!
You headbutt the death yak, but do no damage.
The death yak is heavily wounded.
You barely miss the death yak.
The death yak is heavily wounded.
The death yak gores you!!
You die...

................$...
#...................
.........<.......#.
###...............#
.................##
..$.....#.##....##
.......t........#
..####Y.......##
#@####....#
.......#..........
....... ..........
....... ...........
.#.#... ............
# #... ....... ##..
....... #.. .......


You could see a death yak and a crocodile.

Vanquished Creatures
  A minotaur (Lab)
  Erolcha (D:11)
  2 two-headed ogres (D:11)
  5 death yaks (Lair:4)
  A black mamba (Lair:3)
  5 elephants
  6 spiny frogs
  A gargoyle (D:11)
  5 komodo dragons
  A kobold demonologist (D:11)
  A rime drake (Lair:2)
  A queen bee (Lair:2)
  2 tyrant leeches (Lair:3)
  The ghost of tsouns the Skirmisher, an amateur DsAs (D:4)
  2 trolls
  Grinder (D:2)
  9 hippogriffs
  4 blink frogs
  19 yaks
  Eustachio (D:5)
  2 steam dragons (D:10)
  A hungry ghost (D:9)
  11 water moccasins
  A porcupine (Lair:2)
  8 orc warriors
  2 sky beasts
  2 ice beasts
  7 ogres
  A black bear (D:7)
  4 centaurs
  5 crocodiles
  The ghost of p0werm0de the Vexing, an amateur OpAM of Elyvilon (D:3)
  3 big kobolds
  9 bullfrogs
  4 scorpions
  31 killer bees
  3 howler monkeys
  4 wights (D:11)
  5 electric eels (D:10)
  6 jellies
  3 crimson imps
  3 bullfrog zombies
  4 orc priests
  A gnoll shaman (D:6)
  4 hounds
  A centaur zombie (D:8)
  Ijyb (D:2)
  2 centaur skeletons
  2 bullfrog skeletons (D:11)
  2 iguanas
  A hell rat (Lair:2)
  7 orc wizards
  8 worker ants
  Terence (D:3)
  A killer bee zombie (D:7)
  2 hound zombies
  Robin (D:3)
  13 gnolls
  17 adders
  A river rat (Lair:2)
  2 shadow imps
  An adder zombie (D:9)
  2 worms
  2 dart slugs
  2 leopard geckos
  42 orcs
  5 giant cockroaches
  13 goblins
  11 hobgoblins
  19 jackals
  4 quokkas
  4 ball pythons
  6 bats
  4 frilled lizards
  A jackal zombie (D:7)
  9 kobolds
  4 rats
  2 plants (D:10)
387 creatures vanquished.

Vanquished Creatures (others)
  A centaur zombie (D:11)
  3 fungi (Lair:2)
  4 plants
8 creatures vanquished.

Grand Total: 395 creatures vanquished

Notes
Turn   | Place    | Note
-------+----------+-------------------------------------------
     0 | D:1      | tsouns the Demonspawn Assassin began the quest for the Orb.
     0 | D:1      | Reached XP level 1. HP: 16/16 MP: 1/1
   251 | D:1      | Gained mutation: You are partially covered in slimy green scales. (AC +2) [demonic ancestry]
   251 | D:1      | Reached XP level 2. HP: 6/23 MP: 2/2
  1267 | D:2      | Noticed a scorpion
  1420 | D:2      | Killed a scorpion
  1420 | D:2      | Reached skill level 3 in Fighting
  1420 | D:2      | Reached XP level 3. HP: 21/29 MP: 3/3
  1420 | D:2      | Reached XP level 4. HP: 26/35 MP: 4/4
  1571 | D:2      | Found a shadowy altar of Dithmenos.
  1589 | D:2      | Became a worshipper of Dithmenos the Shadowed
  1611 | D:2      | Found a faded altar of an unknown god.
  2230 | D:3      | Noticed Ijyb
  2239 | D:2      | Paralysed by Ijyb for 2 turns
  2244 | D:2      | Paralysed by Ijyb for 3 turns
  2257 | D:2      | Paralysed by Ijyb for 2 turns
  2263 | D:2      | Killed Ijyb
  2319 | D:3      | Noticed Grinder
  2341 | D:2      | Paralysed by Grinder for 5 turns
  2352 | D:2      | Paralysed by Grinder for 4 turns
  2657 | D:3      | Reached skill level 4 in Fighting
  2657 | D:3      | Gained mutation: You sometimes gain a little power by taking damage. [demonic ancestry]
  2657 | D:3      | Reached XP level 5. HP: 40/42 MP: 5/5
  2861 | D:3      | Noticed Robin
  3000 | D:2      | Killed Grinder
  3000 | D:2      | Reached skill level 5 in Fighting
  3000 | D:2      | Gained mutation: You have a pair of small horns on your head. [demonic ancestry]
  3000 | D:2      | Reached XP level 6. HP: 37/51 MP: 6/6
  3096 | D:3      | Noticed p0werm0de's ghost (amateur OpAM)
  3113 | D:3      | Killed p0werm0de's ghost
  3113 | D:3      | Reached skill level 5 in Stealth
  3126 | D:3      | Reached * piety under Dithmenos
  3142 | D:3      | Killed Robin
  3443 | D:3      | Noticed Terence
  3450 | D:3      | Killed Terence
  3572 | D:4      | Noticed tsouns's ghost (amateur DsAs)
  3636 | D:4      | Gained mutation: You have a pair of horns on your head. [demonic ancestry]
  3636 | D:4      | Reached XP level 7. HP: 42/56 MP: 7/7
  3681 | D:4      | Killed tsouns's ghost
  3681 | D:4      | Reached skill level 6 in Fighting
  4194 | D:4      | Reached ** piety under Dithmenos
  4194 | D:4      | Gained mutation: You are mostly covered in slimy green scales. (AC +3) [demonic ancestry]
  4194 | D:4      | Reached XP level 8. HP: 59/65 MP: 8/8
  4450 | D:5      | Entered Level 5 of the Dungeon
  4485 | D:5      | Reached skill level 7 in Fighting
  4485 | D:5      | Reached skill level 1 in Invocations
  4506 | D:5      | Found Aroali's Weapon Emporium.
  5057 | D:5      | Noticed polythemia's ghost (novice MiBe)
  5132 | D:5      | Reached skill level 5 in Short Blades
  5738 | D:5      | Noticed Eustachio
  5746 | D:5      | Killed Eustachio
  5869 | D:6      | Reached skill level 8 in Fighting
  6028 | D:6      | Reached XP level 9. HP: 46/74 MP: 11/11
  6403 | D:7      | Reached *** piety under Dithmenos
  6657 | D:7      | Found a staircase to the Ecumenical Temple.
  6709 | D:7      | Reached skill level 9 in Fighting
  7452 | D:8      | Noticed a troll
  8138 | D:8      | Killed a troll
  8578 | D:9      | Found a staircase to the Lair.
  8604 | D:9      | Reached skill level 1 in Dodging
  8838 | D:9      | Reached **** piety under Dithmenos
  8916 | D:9      | Gained mutation: You sometimes gain power by taking damage. [demonic ancestry]
  8916 | D:9      | Reached XP level 10. HP: 78/83 MP: 13/13
 10023 | D:10     | Entered Level 10 of the Dungeon
 10455 | D:10     | Reached skill level 10 in Fighting
 11009 | D:10     | Reached skill level 1 in Long Blades
 11429 | D:10     | Reached skill level 5 in Dodging
 11694 | D:11     | Noticed a two-headed ogre
 11702 | D:11     | Killed a two-headed ogre
 11714 | D:11     | Noticed a gargoyle
 11751 | D:11     | Killed a gargoyle
 11751 | D:11     | Reached XP level 11. HP: 74/90 MP: 14/14
 11777 | D:11     | Reached ***** piety under Dithmenos
 11866 | D:11     | Noticed a two-headed ogre
 11890 | D:11     | Killed a two-headed ogre
 12346 | D:11     | Found a stormy altar of Qazlal.
 12375 | D:11     | Reached skill level 5 in Invocations
 12935 | D:11     | Noticed Erolcha
 13010 | D:11     | Paralysed by Erolcha for 5 turns
 13034 | D:11     | Paralysed by Erolcha for 2 turns
 13037 | D:11     | Killed Erolcha
 13159 | D:11     | Found a staircase to the Orcish Mines.
 13383 | Lair:1   | Entered Level 1 of the Lair of Beasts
 13411 | Lair:1   | Found a labyrinth entrance.
 13418 | Lab      | Entered a labyrinth
 14188 | Lab      | Noticed a minotaur
 14201 | Lab      | Killed a minotaur
 14201 | Lab      | Reached skill level 10 in Stealth
 14204 | Lab      | Got a smoking rapier {venom}
 14207 | Lab      | Identified the +7 rapier of Egomania {venom, Dex+2 Stlth+} (You took it off a minotaur in a labyrinth)
 14244 | Lair:1   | Learned a level 1 spell: Animate Skeleton
 14246 | Lair:1   | Learned a level 1 spell: Apportation
 14250 | Lair:1   | Learned a level 3 spell: Regeneration
 14263 | Lair:1   | Learned a level 2 spell: Swiftness
 14407 | Lair:1   | Got a distressingly furry leather armour
 14418 | Lair:1   | Identified the +2 leather armour of the Countless Beggars {rN+} (You found it on level 1 of the Lair of Beasts)
 14561 | Lair:1   | Got an encrusted scale mail
 14572 | Lair:1   | Identified the cursed +1 scale mail of the Eight Boll Weevils {rElec} (You found it on level 1 of the Lair of Beasts)
 14865 | Lair:2   | Reached skill level 5 in Long Blades
 14865 | Lair:2   | Reached skill level 1 in Spellcasting
 15564 | Lair:2   | Reached XP level 12. HP: 51/97 MP: 18/18
 16241 | Lair:2   | Upgraded the game from 0.21-a0-528-gf531e82 to 0.21-a0-529-g8c7b3f5
 16985 | Lair:3   | Found a staircase to the Snake Pit.
 17832 | Lair:3   | Found a staircase to the Swamp.
 17983 | Lair:4   | Noticed a death yak
 17984 | Lair:4   | Noticed a death yak
 17985 | Lair:4   | Reached ****** piety under Dithmenos
 17986 | Lair:4   | Noticed a death yak
 17986 | Lair:4   | Noticed a death yak
 17986 | Lair:4   | Noticed a death yak
 17987 | Lair:4   | Noticed a death yak
 18011 | Lair:4   | Killed a death yak
 18011 | Lair:4   | Reached skill level 5 in Spellcasting
 18025 | Lair:4   | Killed a death yak
 18025 | Lair:4   | Reached skill level 11 in Fighting
 18035 | Lair:4   | Killed a death yak
 18035 | Lair:4   | Reached skill level 1 in Evocations
 18047 | Lair:4   | Killed a death yak
 18060 | Lair:4   | Killed a death yak
 18060 | Lair:4   | Reached XP level 13. HP: 33/106 MP: 20/20
 18064 | Lair:4   | Slain by a death yak

Vault maps used:
D:1:      matt_arrival_los_fun
D:2:      nicolae_dithmenos_through_a_glass_darkly,
          chequers_ecumenical_altar_twisty
D:3:      first_bread, serial_park_tiny_pond, uniq_grinder, uniq_ijyb,
          uniq_robin, uniq_terence
D:5:      kennysheep_windowed_goal, uniq_eustachio
D:6:      mrwooster_statue_mirror
D:7:      minmay_temple_entry_large_hall, grunt_ogre_cave, amethyst_killhole,
          serial_bayou_crossing
D:9:      lair_entry_dummy, hex_medium, unseen_surprise_small
D:10:     kennysheep_steamy, serial_bayou, serial_bayou_lake_a,
          serial_bayou_pond_b, serial_bayou_pond_a, serial_bayou_lagoon_a
D:11:     david_orc_4, basic_altar, serial_glass, glass_columns_b,
          glass_columns_b, glass_columns_b, glass_columns_b, glass_columns_b,
          kennysheep_nondescript, lemuel_flame_loot_1, uniq_erolcha
Lair:1:   lab_entry_generic, nicolae_quartered_pool_little
Lair:2:   regret_index_combs_of_tragedy
Lair:3:   minmay_swamp_entry_worms, minmay_snake_entry_six_corridors,
          grunt_megastairs_1, serial_bayou_shore_a
Lair:4:   grunt_megastairs_5
Lab:      labyrinth_spiral

Skill      XL: |  1  2  3  4  5  6  7  8  9 10 11 12 |
---------------+-------------------------------------+-----
Short Blades   | 2 3 4 5 6 7 8 |  8.6
Fighting       | 3 4 5 6 8 9 10 11 | 11.0
Stealth        | 4 5 6 8 9 10 | 10.0
Invocations    | 3 4 8 9 |  9.2
Dodging        | 1 6 7 |  7.9
Long Blades    | 2 6 |  6.3
Spellcasting   | 3 5 |  5.2
Evocations     | 1 |  1.4
Throwing       | |  1.7

Action                   |  1- 3 |  4- 6 |  7- 9 | 10-12 | 13-15 || total
-------------------------+-------+-------+-------+-------+-------++-------
Melee: Dagger            |    76 |   185 |   396 |   495 |       ||  1152
       Headbutt          |       |     9 |    78 |   238 |     1 ||   326
       Rapier            |       |       |       |   409 |     4 ||   413
 Fire: Blowgun           |     4 |     7 |     5 |       |       ||    16
Throw: Throwing net      |       |       |     1 |       |       ||     1
Invok: Shadow Step       |       |       |       |     1 |       ||     1
Evoke: Wand              |       |     7 |     5 |    13 |       ||    25
  Use: Scroll            |       |     8 |    11 |     7 |       ||    26
       Potion            |       |       |     2 |    13 |       ||    15
 Stab: Sleeping          |     4 |     8 |    27 |    37 |       ||    76
       Paralysed         |       |     5 |     2 |       |       ||     7
       Distracted        |       |     2 |     2 |     4 |       ||     8
  Eat: Chunk             |     1 |     7 |     5 |     7 |       ||    20
       Fruit             |       |     1 |     1 |     4 |       ||     6
       Bread ration      |       |       |     1 |     4 |       ||     5
       Royal jelly       |       |       |     3 |     2 |       ||     5
Armor: Robe              |    30 |    49 |    86 |    51 |       ||   216
       Skin              |       |       |       |    23 |       ||    23
       Scale mail        |       |       |       |    89 |       ||    89
       Leather armour    |       |       |       |    46 |     1 ||    47
Dodge: Dodged            |    36 |    74 |   131 |   461 |       ||   702

Table legend:
 A = Spawn XP
 B = Non-spawn XP
 C = Spawn XP percentage of total XP
 D = Spawn monster count
 E = Non-spawn monster count
 F = Spawn count percentage of total count
 G = Total turns spent on level
                    A         B        C        D         E        F      G
               +---------+---------+-------+---------+---------+-------+---------
         Total |       0 |   38252 |   0.0 |       0 |     385 |   0.0 | 18064
               +---------+---------+-------+---------+---------+-------+---------
           D:1 |       0 |      19 |   0.0 |       0 |      13 |   0.0 |  1213
           D:2 |       0 |     437 |   0.0 |       0 |      21 |   0.0 |  1525
           D:3 |       0 |     257 |   0.0 |       0 |      41 |   0.0 |   861
           D:4 |       0 |     720 |   0.0 |       0 |      16 |   0.0 |  1204
           D:5 |       0 |     970 |   0.0 |       0 |      23 |   0.0 |  1049
           D:6 |       0 |     671 |   0.0 |       0 |      17 |   0.0 |   515
           D:7 |       0 |    1107 |   0.0 |       0 |      21 |   0.0 |  1152
           D:8 |       0 |    1196 |   0.0 |       0 |      27 |   0.0 |  1311
           D:9 |       0 |    1180 |   0.0 |       0 |      21 |   0.0 |  1539
          D:10 |       0 |    2944 |   0.0 |       0 |      33 |   0.0 |  1343
          D:11 |       0 |    5675 |   0.0 |       0 |      52 |   0.0 |  1671
        Lair:1 |       0 |     986 |   0.0 |       0 |       4 |   0.0 |   730
        Lair:2 |       0 |   11136 |   0.0 |       0 |      66 |   0.0 |  1963
        Lair:3 |       0 |    4730 |   0.0 |       0 |      21 |   0.0 |  1101
        Lair:4 |       0 |    5159 |   0.0 |       0 |       8 |   0.0 |    85
           Lab |       0 |    1065 |   0.0 |       0 |       1 |   0.0 |   802
               +---------+---------+-------+---------+---------+-------+---------
